 Dungeon Crawl Stone Soup version 0.17.0-24-gcfadda4 (webtiles) character file.

112 oplop the Changer (level 4, -2/30 HPs)
             Began as an Octopode Transmuter on Nov 15, 2015.
             Slain by an ogre
             ... wielding a +0 giant spiked club
              (22 damage)
             ... on level 4 of the Dungeon.
             The game lasted 00:04:27 (2387 turns).

oplop the Changer (Octopode Transmuter)             Turns: 2387, Time: 00:04:27

Health: -2/30      AC:  6    Str: 10    XL:     4   Next: 95%
Magic:  16/17      EV: 12    Int: 15    God:
Gold:   136        SH:  0    Dex: 12    Spells: 3 memorised, 3 levels left

rFire  . . .     SeeInvis .     h - +3 dagger
rCold  . . .     Clarity  .     (no shield)
rNeg   . . .     SustAt   +     (helmet restricted)
rPois  .         Gourm    .     (no amulet)
rElec  .         Spirit   .     l - +5 ring of protection
rCorr  .         Warding  .     s - ring of sustain attributes
rMut   .         Stasis   .     x - ring of magical power
MR     .....                    (no ring)
Stlth  ++........               (no ring)
                                (no ring)
                                (no ring)
                                (no ring)

@: appendage, not resistant to hostile enchantments, unstealthy
A: almost no armour, amphibious, 8 rings, constrict 8, tentacle spike 3,
camouflage 1, gelatinous body 1
a: End Transformation


You were on level 4 of the Dungeon.
You were not hungry.
One of your tentacles had a temporary spike.
You visited 1 branch of the dungeon, and saw 4 of its levels.

You collected 136 gold pieces.

Inventory:

Hand Weapons
 h - a +3 dagger (weapon)
Missiles
 a - 26 arrows
Jewellery
 l - a +5 ring of protection (left tentacle)
 s - a ring of sustain attributes (right tentacle)
 x - a ring of magical power (on tentacle)
Scrolls
 e - a scroll of enchant weapon {unknown}
 f - 3 scrolls of identify {unknown}
 i - 2 scrolls of remove curse {unknown}
 r - a scroll of recharging {unknown}
 t - 2 scrolls of teleportation {unknown}
 v - a scroll of amnesia {unknown}
 y - a scroll of immolation {unknown}
Potions
 j - a potion of invisibility {unknown}
 k - 2 potions of curing {unknown}
 m - 4 potions of agility {unknown}
 p - a potion of beneficial mutation {unknown}
 u - a potion of flight {unknown}
 w - a potion of mutation {unknown}
 z - a potion of magic {unknown}
 A - a potion of brilliance {unknown}
 B - a potion of heal wounds {unknown}
Books
 b - a book of Changes

   Spells                             Type                      Level
   a - Beastly Appendage              Transmutation                1
   b - Sticks to Snakes               Transmutation                2
   c - Spider Form                    Transmutation/Poison         3
   d - Ice Form                       Ice/Transmutation            4
   e - Blade Hands                    Transmutation                5
Comestibles
 c - 4 bread rations
 d - 2 slices of pizza
 g - 3 meat rations
 q - 6 fruits
 C - 3 chunks of flesh


   Skills:
 + Level 2.4 Fighting
 - Level 2.0 Dodging
 - Level 3.0 Unarmed Combat
 + Level 3.0 Spellcasting
 + Level 3.1 Transmutations
 + Level 1.4 Poison Magic


You had 3 spell levels left.
You knew the following spells:

 Your Spells              Type           Power        Failure   Level  Hunger
a - Beastly Appendage     Trmt           ##....       8%          1    #......
b - Spider Form           Trmt/Pois      #.........   24%         3    ###....
c - Sticks to Snakes      Trmt           ##........   12%         2    ##.....


Dungeon Overview and Level Annotations

Branches:
Dungeon (4/15)
 Temple: D:4-7

Altars:
Fedhas

Annotations:
D:3 Sigmund


Innate Abilities, Weirdness & Mutations

You cannot wear most types of armour.
You are amphibious.
You can wear up to eight rings at the same time.
You can use your tentacles to constrict eight enemies at once.
Your skin changes colour to match your surroundings (Stealth).
Your rubbery body absorbs attacks (AC +1).
One of your tentacles bears a large vicious spike.


Message History

You hear the slow hiss of a distant avalanche of sand.
Some of the chunks of flesh in your inventory have rotted away.
You start resting.
HP restored.
Unknown command.
Okay, then.
An ogre comes into view. It is wielding a giant spiked club.
The ogre shouts!
The ogre moves out of view.
Found 20 stones.
Cast which spell? (? or * to list) One of your tentacles grows a vicious spike.
You hit the ogre.
The ogre is moderately wounded.
The ogre hits you with a giant spiked club!
You hit the ogre.
The ogre is moderately wounded.
The ogre hits you with a giant spiked club!!
Ouch! That really hurt!
You die...

****,,,,,,,,,,,,,,*
*.......,,,,*,*,* **#############
*.......,,,,*,*,*
*,,...##......#**.......,,,,,,*,,
*,###.##.####.#,+.......,,,,***,*
,,#.........#.#,*.......,,,,* *,*
###.#######.#.#,+.......,,,,* ***
........#,*,#.###......(,,,,*
###...#.#,*,#...@O#,*********
,#...<#,*,*,#.....#,,,,*
,#.#.##,*,,,#.#####***,*
,#.#..,,**,,#.# *,* ***
,#....#***,,#.#*******,* *,*
,......,,,,,#..,,,,,,*,****,*
*####...**,,...***,,,,,,,,,,*
,,,,,...,,**##,* *,*,**,***,*
*****.###,* *,* *,*,,,,,,*,*


You could see an ogre.

Vanquished Creatures
  4 adders
  3 oozes
  2 worms (D:2)
  2 giant geckos
  An orc (D:3)
  5 bats
  5 giant cockroaches
  8 hobgoblins
  2 jackals (D:2)
  7 kobolds
  A quokka (D:4)
  A giant newt (D:2)
  7 goblins
  7 rats
55 creatures vanquished.

Notes
Turn   | Place    | Note
--------------------------------------------------------------
     0 | D:1      | oplop the Octopode Transmuter began the quest for the Orb.
     0 | D:1      | Reached XP level 1. HP: 13/13 MP: 3/3
   169 | D:1      | Reached XP level 2. HP: 9/18 MP: 3/5
   687 | D:1      | Reached XP level 3. HP: 18/24 MP: 4/6
   933 | D:2      | Learned a level 3 spell: Spider Form
   936 | D:2      | Learned a level 2 spell: Sticks to Snakes
  1163 | D:2      | Reached XP level 4. HP: 24/29 MP: 5/8
  1413 | D:2      | Reached skill level 1 in Poison Magic
  2070 | D:3      | Noticed Sigmund
  2190 | D:3      | Found a blossoming altar of Fedhas.
  2382 | D:4      | Noticed an ogre
  2387 | D:4      | Slain by an ogre

Action                   |  1- 3 |  4- 6 || total
-------------------------+-------+-------++-------
Melee: Unarmed           |    11 |       ||    11
       Dagger            |    62 |    48 ||   110
 Cast: Beastly Appendage |    23 |    13 ||    36
  Use: Scroll            |       |     2 ||     2
 Stab: Sleeping          |    10 |     4 ||    14
  Eat: Chunk             |     1 |     2 ||     3
       Beef jerky        |       |     2 ||     2
